 Dungeon Crawl Stone Soup version 0.27-a0-1347-gd8886f0a89 (webtiles) character file.

Game seed: 13050002905794851524

3302 Shayle the Naga Disaster (level 10, 0/92 HPs)
             Began as a Naga Hedge Wizard on June 27, 2021.
             Was a Believer of Qazlal.
             Slain by a warg (15 damage)
             ... on level 8 of the Dungeon.
             The game lasted 00:34:37 (11775 turns).

Shayle the Naga Disaster (Naga Hedge Wizard)       Turns: 11775, Time: 00:34:37

Health: 0/92       AC:  5    Str: 12    XL:     10   Next: 1%
Magic:  15/15      EV: 11    Int: 26    God:    Qazlal [**....]
Gold:   404        SH:  3    Dex: 11    Spells: 6/15 levels left

rFire    + . .     SeeInvis +   s - +2 short sword (venom)
rCold    . . .     Faith    .   (no shield)
rNeg     . . .     Spirit   .   b - +0 robe
rPois    +         Reflect  .   c - +1 hat
rElec    .         Harm     .   (no cloak)
rCorr    .         Rampage  .   (no gloves)
Will     +....                  (no barding)
Stlth    ++........             (no amulet)
HPRegen  0.25/turn              d - +6 ring of intelligence
MPRegen  0.14/turn              (no ring)

@: short of breath, very slow
A: AC +3, large, see invisible, deformed body, poison resistance, slowness 2,
spit poison 1, naga tail 1, clever 1, fire resistance 1, sturdy frame 1
a: Spit Poison, Renounce Religion, Upheaval


You were on level 8 of the Dungeon.
You worshipped Qazlal.
Qazlal was pleased with you.
You visited 2 branches of the dungeon, and saw 10 of its levels.
You also visited: Ossuary.

You collected 404 gold pieces.

Inventory:

Hand Weapons
 a - a +0 dagger
 s - a +2 short sword of venom (weapon)
 u - a +0 scimitar
Armour
 b - a +0 robe (worn)
 c - a +1 hat (worn)
Jewellery
 d - a +6 ring of intelligence (left hand)
 f - a +4 ring of protection
 m - a ring of ice
 r - a ring of fire
Wands
 k - a wand of flame (27)
 v - a wand of charming (7)
Scrolls
 e - a scroll of teleportation
 h - 3 scrolls of identify
 i - 2 scrolls of amnesia
 j - 2 scrolls of enchant weapon
 o - 2 scrolls of noise
 q - a scroll of holy word
Potions
 g - 3 potions of attraction
 n - a potion of flight {unknown}
 p - a potion of curing
 t - 4 potions of heal wounds {unknown}


   Skills:
 + Level 6.8 Fighting
 + Level 6.0 Dodging
 - Level 3.0 Stealth
 - Level 3.0 Spellcasting
 - Level 1.0 Conjurations
 - Level 1.0 Summonings
 - Level 1.0 Translocations
 + Level 6.5 Fire Magic
 + Level 7.5 Invocations


You had 6 spell levels left.
You knew the following spells:

 Your Spells              Type           Power      Damage    Failure   Level
a - Magic Dart            Conj           36%        1d4       6%          1
b - Call Imp              Summ           9%         N/A       10%         2
c - Conjure Flame         Conj/Fire      23%        6-21      6%          3
d - Mephitic Cloud        Conj/Pois/Air  5%         N/A       24%         3

Your spell library contained the following spells:

 Spells                   Type           Power      Damage    Failure   Level
 Summon Small Mammal      Summ           36%        N/A       6%          1
 Beastly Appendage        Tmut           6%         N/A       10%         1
 Blink                    Tloc           N/A        N/A       10%         2
 Slow                     Hex            3%         N/A       14%         2
 Wereblood                Tmut           3%         N/A       14%         2
 Call Canine Familiar     Summ           9%         N/A       19%         3
 Summon Guardian Golem    Hex/Summ       6%         N/A       22%         3
 Spider Form              Tmut/Pois      1%         N/A       28%         3
 Summon Ice Beast         Ice/Summ       6%         N/A       58%         4
 Summon Lightning Spire   Summ/Air       6%         N/A       58%         4
 Ice Form                 Ice/Tmut       3%         N/A       67%         4


Dungeon Overview and Level Annotations

Branches:
Dungeon (9/15)             Temple (1/1) D:4            Lair (0/6) D:8
Ossuary (visited)
    Orc: D:9-12

Altars:
Ashenzari
Elyvilon
Gozag
Hepliaklqana
Kikubaaqudgha
Nemelex Xobeh
Okawaru
Qazlal
Ru
Sif Muna
Trog
Uskayaw
Vehumet
Xom
Yredelemnul
Zin
The Shining One

Shops:
D:6 [   D:8 *


Innate Abilities, Weirdness & Mutations

Your serpentine skin is tough. (AC +3)
You have supernaturally acute eyesight. (SInv)
Armour fits poorly on your strangely shaped body.
Your system is resistant to poisons. (rPois)
You cover ground very slowly.
You can spit poison.
You have a snake-like lower body.
Your mind is acute. (Int +2)
Your flesh is heat resistant. (rF+)
Your movements are slightly less encumbered by armour. (ER -2)


Message History

Your body is wracked with pain!
You climb upwards.
There is a stone staircase leading down here.
Unknown command.
You start resting.
You hear a howl!
A warg is nearby!
A warg is nearby!
You block the warg's attack. The warg bites you.
You hit the warg.
The warg is poisoned.
The warg is lightly wounded.
The warg barely misses you.
You barely miss the warg.
The warg is lightly wounded.
The warg bites you!
You hit the warg.
The warg looks as sick as possible!
The warg is moderately wounded.
The warg bites you. The warg closely misses you.
You closely miss the warg.
The warg is moderately wounded.
The warg pauses to sniff the ground.
The warg barely misses you.
You completely miss the warg.
The warg is moderately wounded.
The warg misses you. The warg bites you.
You barely miss the warg.
The warg is moderately wounded.
The warg bites you.
* * * LOW HITPOINT WARNING * * *
Press: ? - help, Shift-Dir - straight line, f - warg
Aim: a warg (moderately wounded, very poisoned)
The splash of poison misses the warg.
The warg bites you!
* * * LOW HITPOINT WARNING * * *
Unknown command.
Aiming: Corrosive Bolt
Press: ? - help, Shift-Dir - straight line, f/p - warg
Aim: a warg (heavily wounded, very poisoned, 64% to hit)
The bolt of acid misses the warg.
The now-empty wand crumbles to dust.
The warg bites you!
You die...

### #..##..## **.## *,,.** #.##
##..###..# *..# **.#* ##.##
#..## #..####..####.# #..###.##
##.............## ###
##.#...####.......##...>..#*
#.####......##..#####...#...#,,*
##...........>.## #.........##,*
##............○###.PPP......#.,
###...##...#..@h##.P∩P........,
##..##.####..##.....PP..###....*
#.####.# #..####†......# **...*
### #.# ##.#* ##..##.##**,,<.,
#.# #..***##.##.#**,,,,,, #.#*
*#.,,,**#.##..,,,,,,,,
#..***,,,,,,,...###.,,,,,,,
#..*,,,,,,>,,.#..,,..,**,,,
*,,,,,,,,,,,.#*#..,,##**,,,


You could see a warg (very poisoned).

Vanquished Creatures
  A two-headed ogre (D:6)
  A warg (D:8)
  A water moccasin (D:5)
  An ice beast (D:7)
  A sky beast (D:7)
  A kobold brigand (D:6)
  A phantom (D:7)
  2 elf zombies (Ossuary)
  4 bullfrogs
  2 scorpions
  A water moccasin skeleton (D:7)
  A howler monkey (D:7)
  A bullfrog zombie (D:5)
  A centaur skeleton (D:5)
  3 human zombies (Ossuary)
  3 orc priests
  3 iguanas
  2 orc wizards
  A mummy (Ossuary)
  A gnoll (D:4)
  3 adders
  A shadow imp (D:7)
  An adder zombie (Ossuary)
  A dart slug (D:4)
  11 orcs
  14 endoplasms
  5 giant cockroaches
  5 goblins
  3 hobgoblins
  A jackal (D:2)
  3 kobolds
  3 quokkas
  5 ball pythons
  6 bats
  5 frilled lizards (D:1)
  A goblin zombie (Ossuary)
  10 hobgoblin zombies (Ossuary)
  A jackal zombie (Ossuary)
  9 kobold zombies (Ossuary)
  7 orc zombies (Ossuary)
  4 rats
  A rat zombie (Ossuary)
132 creatures vanquished.

Vanquished Creatures (collateral kills)
  A two-headed ogre (D:8)
  A centaur zombie (D:7)
  A wyvern (D:7)
  An ice beast (D:6)
  A black bear (D:3)
  An ogre (D:7)
  2 necrophages
  A water moccasin zombie (D:6)
  3 hounds
  2 jellies
  A centaur skeleton (D:5)
  An iguana (D:6)
  A hound skeleton (D:4)
  A mummy (Ossuary)
  3 gnolls (D:4)
  5 adders
  2 white imps
  2 worms (D:2)
  An orc (D:8)
  A ball python (D:1)
  3 endoplasms
  A hobgoblin (D:3)
  3 jackals
  2 bats (D:3)
  5 goblins
  2 kobolds (D:3)
  A kobold zombie (Ossuary)
  An orc zombie (Ossuary)
50 creatures vanquished.

Vanquished Creatures (others)
  A plant (D:8)
1 creature vanquished.

Grand Total: 183 creatures vanquished

Notes
Turn   | Place    | Note
-------+----------+-------------------------------------------
     0 | D:1      | Shayle the Naga Hedge Wizard began the quest for the Orb.
     0 | D:1      | Reached XP level 1. HP: 15/15 MP: 4/4
   316 | D:1      | Reached XP level 2. HP: 8/24 MP: 0/6
   319 | D:1      | Learned a level 2 spell: Call Imp
   531 | D:1      | Reached skill level 1 in Invocations
   803 | D:1      | Reached skill level 1 in Fighting
  1222 | D:1      | Reached XP level 3. HP: 28/31 MP: 7/7
  1774 | D:2      | Found a white marble altar of Elyvilon.
  2619 | D:3      | Learned a level 3 spell: Conjure Flame
  2658 | D:3      | Reached skill level 2 in Invocations
  2658 | D:3      | Reached XP level 4. HP: 39/39 MP: 3/8
  3354 | D:3      | Noticed a bullfrog
  3372 | D:3      | Killed a bullfrog
  3373 | D:3      | Reached skill level 1 in Fire Magic
  3373 | D:3      | Reached XP level 5. HP: 26/45 MP: 4/9
  3799 | D:4      | Noticed a necrophage
  3820 | D:4      | Killed a necrophage
  3914 | D:4      | Found a shimmering blue altar of Sif Muna.
  3925 | D:4      | Noticed a black bear
  4112 | D:3      | Killed a black bear
  4113 | D:3      | Reached skill level 3 in Invocations
  4113 | D:3      | Reached XP level 6. HP: 35/55 MP: 1/10
  4693 | D:4      | Found a staircase to the Ecumenical Temple.
  4702 | Temple   | Entered the Ecumenical Temple
  4946 | Temple   | Became a worshipper of Qazlal Stormbringer
  5232 | D:5      | Entered Level 5 of the Dungeon
  5322 | D:5      | Gained mutation: You evolve. [potion of mutation]
  5322 | D:5      | Gained mutation: Your flesh is heat resistant. (rF+)
                  | [potion of mutation]
  5322 | D:5      | Gained mutation: Your spells are a little harder to cast,
                  | but a little more powerful. [potion of mutation]
  5648 | D:4      | Reached XP level 7. HP: 38/62 MP: 11/11
  6316 | D:5      | Reached skill level 4 in Invocations
  6376 | D:5      | Gained mutation: Your mind is acute. (Int +2) [evolution]
  6866 | D:6      | Found Ruje's Armour Boutique.
  7003 | D:6      | Learned a level 3 spell: Mephitic Cloud
  7302 | D:6      | Reached * piety under Qazlal
  7349 | D:6      | Reached XP level 8. HP: 26/72 MP: 5/12
  7722 | D:6      | Noticed a two-headed ogre
  8002 | D:6      | Killed a two-headed ogre
  8003 | D:6      | Reached skill level 5 in Fighting
  8003 | D:6      | Reached skill level 5 in Invocations
  8732 | D:7      | Reached skill level 5 in Fire Magic
  8777 | D:7      | Reached skill level 5 in Dodging
  8777 | D:7      | Reached skill level 6 in Invocations
  8777 | D:7      | Reached XP level 9. HP: 75/82 MP: 6/13
  9693 | D:7      | Gained mutation: Your movements are slightly less
                  | encumbered by armour. (ER -2) [evolution]
 10207 | D:8      | Noticed a two-headed ogre
 10233 | D:8      | Killed a two-headed ogre
 10234 | D:8      | Reached skill level 7 in Invocations
 10301 | D:8      | Found a sand-covered staircase.
 10308 | Ossuary  | Entered an ossuary
 10812 | Ossuary  | Reached ** piety under Qazlal
 10822 | Ossuary  | Lost mutation: Your spells are a little harder to cast, but
                  | a little more powerful. [evolution]
 10822 | Ossuary  | Lost mutation: You evolve. [end of evolution]
 11659 | D:8      | Found Epparph's Assorted Antiques.
 11677 | D:8      | Reached XP level 10. HP: 77/92 MP: 15/15
 11743 | D:9      | Noticed a death knight
 11775 | D:8      | Slain by a warg

Illustrated notes

Levels and vault maps discovered:
D:1:      dpeg_arrival_windows_large_door, layout_basic
D:2:      layout_basic, basic_altar, grunt_decor_one_mirror,
          kennysheep_generic_room_11
D:3:      layout_basic
D:4:      layout_cave_pools, kennysheep_mini_moat,
          minmay_temple_entry_statues_pillars
D:5:      layout_basic, chequers_serial_rivers_room_a
D:6:      layout_rooms, nicolae_overflow_hidden_temple, serial_shops,
          nicolae_shop_competitors_out_of_business
D:7:      layout_cave_pods, bh_walls_and_bars
D:8:      layout_layer_cave, erik_lair_orcish_takeover, special_room
          [special_room_orc], serial_shops, nicolae_shop_overgrown_old_shop,
          nicolae_ossuary_entry_monument, palyth_stone_intersect, uniq_grum
D:9:      layout_loops_cross, grunt_dithmenos_smoke, lemuel_doored_altar
Temple:   eino_temple_rhombus

Skill      XL: |  1  2  3  4  5  6  7  8  9 |
---------------+----------------------------+-----
Invocations    | 1 2 3 4 6 7 |  7.5
Fighting       | 1 2 3 4 5 6 |  6.8
Dodging        | 2 3 5 6 |  6.0
Fire Magic     | 1 2 3 5 6 |  6.5
Stealth        | |  3.0
Spellcasting   | |  3.0
Conjurations   | |  1.0
Summonings     | |  1.0
Translocations | |  1.0

Action                   |  1- 3 |  4- 6 |  7- 9 | 10-12 || total
-------------------------+-------+-------+-------+-------++-------
Melee: Dagger            |    88 |   122 |   117 |       ||   327
       Short sword       |       |       |   286 |     6 ||   292
 Cast: Magic Dart        |     6 |     8 |     6 |       ||    20
       Call Imp          |    12 |    41 |    81 |       ||   134
       Mephitic Cloud    |       |       |     1 |       ||     1
 Abil: Spit Poison       |    18 |    27 |    29 |     1 ||    75
Evoke: Wand              |       |       |    10 |     1 ||    11
  Use: Scroll            |     2 |     7 |     8 |       ||    17
       Potion            |       |     3 |     2 |       ||     5
 Stab: Sleeping          |     3 |     2 |       |       ||     5
       Distracted        |       |     1 |     2 |       ||     3
Armor: Robe              |    36 |    56 |   124 |       ||   216
       Skin              |       |    16 |       |       ||    16
Dodge: Dodged            |    53 |   105 |   234 |     4 ||   396
Block: Other             |       |       |    16 |     1 ||    17

Table legend: (Time is in decaauts)
 A = Elapsed time spent in this place.
 B = Non-inter-level travel time spent in this place.
 C = Inter-level travel time spent in this place.
 D = Time resting spent in this place.
 E = Time spent auto-exploring this place.
 F = Levels seen in this place.
 G = Mean time per level.
                   A        B        C        D        E       F      G
               +--------+--------+--------+--------+--------+-----+--------+
         Total |  13633 |  13348 |    285 |   3743 |   6333 |  11 | 1239.4 |
       Dungeon |  11917 |  11654 |    263 |   3174 |   5824 |   9 | 1324.1 |
        Temple |    363 |    341 |     22 |      0 |    268 |   1 |  363.0 |
       Ossuary |   1352 |   1352 |      0 |    568 |    240 |   1 | 1352.0 |
               +--------+--------+--------+--------+--------+-----+--------+

Top non-repeatable levels by time:
     D:7: 2011 daAuts
     D:2: 1913 daAuts
     D:6: 1638 daAuts
     D:5: 1529 daAuts
     D:4: 1504 daAuts
     D:1: 1502 daAuts
     D:3: 1365 daAuts
 Ossuary: 1352 daAuts
     D:8: 372 daAuts
  Temple: 363 daAuts
     D:9: 80 daAuts
